 Dungeon Sprint DCSS version 0.27-a0-1140-g099f9bb0e8 (webtiles) character file.

Game seed: 10034806031056890496

812 Zeld the Blocker (level 7, -19/88 HPs)
             Began as an Octopode Fighter on May 10, 2021.
             Was a Believer of Okawaru.
             Demolished by a shadow wraith (25 damage)
             ... in the Dungeon (Sprint VII: "The Pits").
             The game lasted 00:02:29 (2322 turns).

Zeld the Blocker (Octopode Fighter)                 Turns: 2322, Time: 00:02:30

Health: -19/88     AC:  1    Str: 18    XL:     7   Next: 93%
Magic:  7/7        EV: 12    Int: 10    God:    Okawaru [**....]
Gold:   0          SH: 11    Dex: 11    Spells: 6/6 levels left

rFire    . . .     SeeInvis .   a - +0 war axe
rCold    . . .     Faith    .   b - +0 kite shield
rNeg     . . .     Spirit   .   (helmet restricted)
rPois    .         Reflect  .   (no amulet)
rElec    .         Harm     .   (no ring)
rCorr    .         Rampage  .   (no ring)
Will     .....     NoTele   +   (no ring)
Stlth    ..........             (no ring)
HPRegen  0.24/turn              (no ring)
MPRegen  0.10/turn              (no ring)
                                (no ring)
                                (no ring)

@: berserking, slowed
A: almost no armour, amphibious, 8 rings, camouflage 1, gelatinous body 1,
(nimble swimmer 1), tentacles
a: Renounce Religion, Heroism


You were in the Dungeon.
You worshipped Okawaru.
Okawaru was pleased with you.
You visited 1 branch

Inventory:

Hand Weapons
 a - a +0 war axe (weapon)
Armour
 b - a +0 kite shield (worn)
Scrolls
 k - 5 scrolls of amnesia
 l - a scroll of summoning
Potions
 c - a potion of might
 d - 6 potions of curing
 e - 6 potions of heal wounds
 f - a potion of haste
 g - 4 potions of magic
 h - 2 potions of berserk rage
 j - 2 potions of invisibility


   Skills:
 * Level 10.2 Fighting
 * Level 9.9 Axes
 - Level 3.0 Dodging
 * Level 10.2 Shields


You had 6 spell levels left.
You didn't know any spells.
Your spell library was empty.

Dungeon Overview and Level Annotations

Branches:
Dungeon (1/1)

Altars:
Ashenzari
Cheibriados
Dithmenos
Elyvilon
Fedhas
Gozag
Hepliaklqana
Kikubaaqudgha
Makhleb
Nemelex Xobeh
Okawaru
Qazlal
Ru
Sif Muna
Trog
Uskayaw
Vehumet
Wu Jian
Xom
Yredelemnul
Zin
The Shining One
Beogh
Jiyva
Lugonu


Innate Abilities, Weirdness & Mutations

You cannot wear most types of armour.
You are amphibious.
You can wear up to eight rings at the same time.
Your skin changes colour to match your surroundings (Stealth+).
Your rubbery body absorbs attacks. (AC +1, EV +1)
((You are camouflaged near water. (Stealth+)))
You have tentacles for arms and can constrict up to eight enemies at once.


Message History

an adder skeleton; a black bear skeleton
There is an open door, spattered with blood here.
Things that are here:
an adder skeleton; a black bear skeleton
There is an open door, spattered with blood here.
Things that are here:
an adder skeleton; a black bear skeleton You open the door. 3 jackals come into view.
You hear a chilling moan. x2; The jackal barks! x2
Which direction?
You close the door, pushing everything out of the way.
You open the door.
The jackal barks!
Which direction?
As you close the door, it creaks loudly!
As you open the door, it creaks loudly! The jackal completely misses you.
You block the jackal's attack.
Deactivating autopickup; reactivate with Ctrl-A.
You barely miss something. You squeeze something. You barely miss the jackal.
You slash the jackal!
You kill the jackal!
You block the jackal's attack. Something hits you!
Something drains your vigour!
You feel yourself slow down.
You hit something. Your squeeze misses something. You barely miss the jackal.
You block the jackal's attack. Something hits you!
A red film seems to cover your vision as you go berserk!
You feel yourself moving faster!
You feel mighty! Something hits you! Something drains your vigour!
You feel as though you will be slow longer.
You block something's attack. Something hits you.
* * * LOW HITPOINT WARNING * * *
Something drains your vigour!
You feel as though you will be slow longer.
You hit something. You slash something! Something hits you!!
* * * LOW HITPOINT WARNING * * *
Something drains your vigour!
You feel as though you will be slow longer.
Something hits you!!
You die...

#.##'#.....##...<...##..#
#.#........##.......##..#
#.#........##.......##o.#
#'###########.......#
#..)....#..##########
#.###...#.## ###
#.#.....#.# ...#
#.#...#.#÷#....#
#.....#.#@{h...+
#...###.#'#h...#
#.......÷.# ...#
########### ###


You could see 2 jackals.

Vanquished Creatures
  4 floating eyes (D)
  A necrophage (D)
  2 black bears (D)
  A jelly (D)
  An orc priest (D)
  An iguana (D)
  A hell rat (D)
  An adder (D)
  An ufetubus (D)
  An adder skeleton (D)
  A worm (D)
  3 orcs (D)
  2 ball pythons (D)
  A goblin (D)
  A jackal (D)
  A ball python zombie (D)
  A bat (D)
  A frilled lizard (D)
25 creatures vanquished.

Notes
Turn   | Place    | Note
-------+----------+-------------------------------------------
     0 | D        | Zeld the Octopode Fighter began the quest for the Orb.
     0 | D        | Reached XP level 1. HP: 16/16 MP: 1/1
    18 | D        | Found a bloodstained altar of Trog.
    18 | D        | Found a shimmering blue altar of Sif Muna.
    18 | D        | Found a viscous altar of Jiyva.
    18 | D        | Found a hazy altar of Hepliaklqana.
    18 | D        | Found an opulent altar of Gozag.
    19 | D        | Found a glowing golden altar of the Shining One.
    19 | D        | Found a glowing silver altar of Zin.
    19 | D        | Found a basalt altar of Yredelemnul.
    19 | D        | Found a shimmering altar of Xom.
    19 | D        | Found an ornate altar of the Wu Jian Council.
    19 | D        | Found a sacrificial altar of Ru.
    19 | D        | Found a stormy altar of Qazlal.
    19 | D        | Found an iron altar of Okawaru.
    19 | D        | Found a sparkling altar of Nemelex Xobeh.
    19 | D        | Found a burning altar of Makhleb.
    19 | D        | Found a blossoming altar of Fedhas.
    19 | D        | Found a white marble altar of Elyvilon.
    19 | D        | Found a shadowy altar of Dithmenos.
    19 | D        | Found a snail-covered altar of Cheibriados.
    21 | D        | Found a corrupted altar of Lugonu.
    21 | D        | Found a radiant altar of Vehumet.
    22 | D        | Found a broken altar of Ashenzari.
    22 | D        | Found an ancient bone altar of Kikubaaqudgha.
    22 | D        | Found a hide-covered altar of Uskayaw.
    26 | D        | Became a worshipper of Warmaster Okawaru
   463 | D        | Noticed a floating eye
   468 | D        | Killed a floating eye
   469 | D        | Reached skill level 5 in Axes
   469 | D        | Reached XP level 2. HP: 25/25 MP: 2/2
   469 | D        | Reached XP level 3. HP: 30/30 MP: 3/3
   469 | D        | Reached XP level 4. HP: 36/36 MP: 4/4
   718 | D        | Noticed a floating eye
   722 | D        | Killed a floating eye
   723 | D        | Reached XP level 5. HP: 43/43 MP: 5/5
   959 | D        | Noticed a floating eye
   962 | D        | Paralysed by a floating eye for 4 turns
   966 | D        | Killed a floating eye
   967 | D        | Reached XP level 6. HP: 50/50 MP: 6/6
  1266 | D        | Noticed a black bear
  1267 | D        | Noticed a necrophage
  1277 | D        | Killed a black bear
  1277 | D        | Reached * piety under Okawaru
  1289 | D        | Killed a necrophage
  1290 | D        | Reached XP level 7. HP: 36/57 MP: 7/7
  1978 | D        | Reached ** piety under Okawaru
  1979 | D        | Reached skill level 10 in Fighting
  1979 | D        | Reached skill level 10 in Shields
  2322 | D        | Demolished by a shadow wraith

Illustrated notes

Levels and vault maps discovered:
D:        pitsprint [storerooms_1, entrance_room_1, metal_vault_3, armoury_3,
          mini_pit_1, grid_room_1, main_hall_1, silver_pit, the_coven_2,
          the_vestibule_1, steel_vault_1, golden_pit, hallway_of_sentries,
          crystal_vault_2, iron_vault_1, final_vault]

Skill      XL: |  1  2  3  4  5  6  7 |
---------------+----------------------+-----
Fighting       | 6 7 8 9 10 | 10.2
Axes           | 5 6 7 8 9 |  9.9
Shields        | 6 7 8 9 10 | 10.2
Dodging        | |  3.0

Action                   |  1- 3 |  4- 6 |  7- 9 || total
-------------------------+-------+-------+-------++-------
Melee: War axe           |     5 |    13 |    32 ||    50
       Tentacles         |     2 |     4 |     7 ||    13
       Constrict         |     1 |     5 |     8 ||    14
  Use: Scroll            |       |       |     1 ||     1
       Potion            |       |       |     1 ||     1
 Stab: Sleeping          |     2 |     2 |       ||     4
Armor: Skin              |     1 |       |       ||     1
Dodge: Dodged            |     4 |     6 |     8 ||    18
Block: Kite shield       |     3 |     5 |    16 ||    24

Table legend: (Time is in decaauts)
 A = Elapsed time spent in this place.
 B = Non-inter-level travel time spent in this place.
 C = Inter-level travel time spent in this place.
 D = Time resting spent in this place.
 E = Time spent auto-exploring this place.
 F = Levels seen in this place.
 G = Mean time per level.
                   A        B        C        D        E       F      G
               +--------+--------+--------+--------+--------+-----+--------+
         Total |   2334 |   2318 |     16 |   2015 |     18 |   1 | 2334.0 |
       Dungeon |   2334 |   2318 |     16 |   2015 |     18 |   1 | 2334.0 |
               +--------+--------+--------+--------+--------+-----+--------+

Top non-repeatable levels by time:
       D: 2334 daAuts
